 Dungeon Crawl Stone Soup version 0.26.0-10-g1f06aea511 (webtiles) character file.

Game seed: 8565869910081986428

68677 tsouns the Spry (level 15, -3/127 HPs)
             Began as a Merfolk Earth Elementalist on Jan 21, 2021.
             Was an Elder of Ashenzari.
             Slain by a sun demon (16 damage)
             ... summoned by an orc sorcerer
             ... on level 2 of the Orcish Mines.
             The game lasted 00:55:44 (32130 turns).

tsouns the Spry (Merfolk Earth Elementalist)       Turns: 32130, Time: 00:55:45

Health: -3/127     AC: 20    Str: 12    XL:     15   Next: 27%
Magic:  18/18      EV: 12    Int: 20    God:    Ashenzari [****..]
Gold:   2980       SH: 12    Dex: 15    Spells: 17/18 levels left

rFire    + . .     SeeInvis +   M - +5 trident (freeze) (curse)
rCold    . . .     Faith    .   p - +0 kite shield
rNeg     . . .     Spirit   .   f - +1 chain mail {rF+}
rPois    .         Reflect  .   T - +2 hat {Int+3} (curse)
rElec    .         Harm     .   (no cloak)
rCorr    .         Rampage  .   F - +2 pair of gloves (curse)
Will     +....     Clarity  +   X - +1 pair of boots (curse)
Stlth    ..........             j - amulet of the acrobat
HPRegen  0.31/turn              (no ring)
MPRegen  0.16/turn              (no ring)

@: very slightly contaminated, invisible
A: change form in water, swift swim, stealthy swim
a: Renounce Religion, Curse Item, Scrying


You were on level 2 of the Orcish Mines.
You worshipped Ashenzari.
Ashenzari was greatly pleased with you.
You visited 4 branches of the dungeon, and saw 19 of its levels.

You collected 3208 gold pieces.
You spent 228 gold pieces at shops.

Inventory:

Hand Weapons
 M - a cursed +5 trident of freezing (weapon)
Missiles
 b - 634 stones
 k - 44 poisoned darts
 l - a throwing net
 D - 3 atropa-tipped darts
Armour
 f - a +1 chain mail of fire resistance (worn)
 i - a +2 robe of fire resistance
 n - a +0 plate armour
 p - a +0 kite shield (worn)
 F - a cursed +2 pair of gloves (worn)
 T - a cursed +2 hat of intelligence (worn)
 X - a cursed +1 pair of boots (worn)
Jewellery
 d - an uncursed ring of wizardry
 j - an amulet of the acrobat (around neck)
 L - the ring "Warch" {rF+ rC- rN+ Dex+5 SInv}
   (You took it off an orc on level 7 of the Dungeon)

   [ring of positive energy]

   It affects your dexterity (+5).
   It protects you from fire.
   It makes you vulnerable to cold.
   It protects you from negative energy.
   It lets you see invisible.
Wands
 w - a wand of polymorph (6)
 x - a wand of random effects (40)
 N - a wand of enslavement (9)
 O - a wand of iceblast (2)
 P - a wand of disintegration (6)
 W - a wand of digging (9)
Scrolls
 a - 5 scrolls of magic mapping
 o - a scroll of immolation
 r - 2 scrolls of fear
 y - 5 scrolls of remove curse
 A - 2 scrolls of amnesia
 Q - 2 scrolls of fog
 S - a scroll of enchant weapon
 V - 7 scrolls of identify
Potions
 c - 3 potions of mutation
 e - a potion of resistance
 t - 3 potions of flight
 u - a potion of curing
 v - 4 potions of cancellation
 z - 5 potions of brilliance
 B - 2 potions of ambrosia
 C - 2 potions of invisibility
 E - 2 potions of lignification
 J - a potion of attraction
 Y - a potion of magic
Miscellaneous
 I - a phial of floods


   Skills:
 + Level 14.7 Fighting
 - Level 14.0(17.0) Polearms
 + Level 7.3(10.8) Armour
 + Level 15.5 Dodging
 - Level 2.1 Stealth
 + Level 12.2 Shields
 - Level 2.0 Spellcasting
 - Level 1.3 Transmutations
 - Level 2.4 Earth Magic
 - Level 6.0 Evocations


You had 17 spell levels left.
You knew the following spells:

 Your Spells              Type           Power        Failure   Level
a - Sandblast             Erth           22%          86%         1

Your spell library contained the following spells:

 Spells                   Type           Power        Failure   Level
 Passwall                 Tmut/Erth      7%           97%         2
 Summon Small Mammal      Summ           8%           99%         1
 Call Imp                 Summ           2%           100%        2
 Call Canine Familiar     Summ           2%           100%        3
 Confusing Touch          Hex            2%           100%        3
 Gell's Gravitas          Tloc           1%           100%        3
 Stone Arrow              Conj/Erth      12%          100%        3
 Summon Guardian Golem    Hex/Summ       2%           100%        3
 Petrify                  Tmut/Erth      9%           100%        4
 Summon Ice Beast         Ice/Summ       2%           100%        4
 Summon Lightning Spire   Summ/Air       2%           100%        4
 Lee's Rapid Deconstruct  Erth           5%           100%        5
 Metabolic Englaciation   Hex/Ice        1%           100%        5
 Yara's Violent Unravell  Hex/Tmut       2%           100%        5


Dungeon Overview and Level Annotations

Branches:
Dungeon (10/15)            Temple (1/1) D:4            Lair (6/6) D:10
 Shoals (0/4) Lair:3        Snake (0/4) Lair:3        Slime (0/5) Lair:6
    Orc (2/2) D:10            Elf (0/3) Orc:2

Altars:
Ashenzari
Cheibriados
Dithmenos
Elyvilon
Fedhas
Gozag
Hepliaklqana
Kikubaaqudgha
Makhleb
Nemelex Xobeh
Okawaru
Qazlal
Ru
Sif Muna
Trog
Uskayaw
Vehumet
Wu Jian
Xom
Yredelemnul
Zin
The Shining One
Beogh
Jiyva

Shops:
D:4 !

Annotations:
D:7 3 runed translucent doors, ggurman's ghost, novice PaFi
D:9 3 runed translucent doors, Ceqiddiy's ghost, novice MiMo
Lair:1 Fannar
Lair:6 1 runed translucent door
Orc:2 2 transporters, Killmatronix's ghost, journeyman OpHu


Message History

The orc sorcerer hits you but does no damage.
You block the sun demon's attack.
You hit the sun demon but do no damage.
The sun demon is moderately wounded.
The white imp gestures at the sun demon.
The puff of frost hits the sun demon!
The sun demon is frozen!
You block the sun demon's attack.
You hit the sun demon. You freeze the sun demon.
The sun demon is heavily wounded.
The sun demon hits you but does no damage.
The orc sorcerer casts a spell.
The sun demon hits you!
* * * LOW HITPOINT WARNING * * *
You are engulfed in flames.
You resist.
* * * LOW HITPOINT WARNING * * *
You hit the orc sorcerer. You freeze the orc sorcerer.
The orc sorcerer is moderately wounded.
You block the sun demon's attack.
You feel better. The sun demon hits you!
You die...

....##..##.........#
....##)##......##.##
..###).##.....#####
###...##.#....#
######
.[........#...#
##..)o#** *
..#......##...#
##55##.o...#*
..##..........#
#34##,{{....*
..#...........###3##{
,*#o#. *
..............##@o#
**{ # **
#.#...........##3##{
{ *
####..........##.# {
, * ,* ##
##.........##.# , , *
* .#
##.......##.#####. ,
## ###...............
, .#*
##....##.#####.. , ,
..# ###....##.# { , ,
..# ##.#....##.# { ,
* ,*


You could see 2 sun demons, a neqoxec (summoned), a chaos spawn (summoned), an
orc sorcerer, a crimson imp (summoned) and a white imp (summoned).

Vanquished Creatures
  Rupert (Lair:4)
  Donald (Orc:1)
  Gastronok (Lair:3)
  Kirke (Lair:4)
  6 hydras
  Erica (Lair:1)
  2 catoblepae (Lair:6)
  10 death yaks
  A deep troll shaman (Lair:6)
  An orc high priest (Orc:2)
  A fire crab (Lair:6)
  A lindwurm (Lair:6)
  2 orc knights
  3 orc sorcerers (Orc:2)
  21 elephants
  A manticore (Lair:6)
  Joseph (D:9)
  2 black mambas
  2 torpor snails
  Psyche (D:9)
  13 cane toads
  4 komodo dragons
  A gargoyle (D:10)
  6 rime drakes
  6 polar bears
  3 trolls
  15 blink frogs
  11 wyverns
  A wraith (D:10)
  4 hogs (Lair:4)
  53 yaks
  6 basilisks
  2 wargs (Orc:1)
  7 nagas (Lair:3)
  2 hell hounds (Lair:6)
  12 water moccasins
  2 black bears
  3 sky beasts (D:10)
  3 ice beasts
  2 necrophages
  22 orc warriors
  8 ogres
  3 phantoms
  3 centaurs
  12 wolves
  2 big kobolds
  14 bullfrogs
  2 gnoll sergeants
  5 scorpions
  A water moccasin skeleton (D:7)
  8 killer bees
  6 wights
  A howler monkey (D:8)
  A lava snake (D:9)
  A quasit (D:10)
  2 centaur skeletons
  3 hounds
  A gnoll shaman (D:6)
  13 orc priests
  17 orc wizards
  2 bullfrog skeletons
  5 iguanas
  Natasha (thrice) (D:3)
  Terence (D:3)
  24 hell rats
  8 worker ants
  2 killer bee zombies (D:9)
  A hound skeleton (D:4)
  2 worker ant zombies
  Robin (D:2)
  A howler monkey skeleton (D:5)
  18 gnolls
  7 adders
  5 river rats (Lair:1)
  2 shadow imps
  4 white imps
  2 ufetubi
  An adder skeleton (D:8)
  3 worms
  5 dart slugs
  A leopard gecko (D:2)
  93 orcs
  2 ball pythons
  6 giant cockroaches
  18 goblins
  9 hobgoblins
  3 quokkas
  4 bats
  5 frilled lizards
  A jackal skeleton (D:7)
  A jackal zombie (D:8)
  18 kobolds
  A leopard gecko skeleton (D:6)
  8 rats
608 creatures vanquished.

Vanquished Creatures (others)
  2 humans (Lair:4)
  A bush (Lair:2)
  A fire vortex (Lair:2)
  70 fungi
  68 plants
  3 toadstools (D:2)
145 creatures vanquished.

Grand Total: 753 creatures vanquished

Notes
Turn   | Place    | Note
-------+----------+-------------------------------------------
     0 | D:1      | tsouns the Merfolk Earth Elementalist began the quest for
                  | the Orb.
     0 | D:1      | Reached XP level 1. HP: 13/13 MP: 3/3
    47 | D:1      | Reached skill level 1 in Fighting
   294 | D:1      | Reached XP level 2. HP: 20/22 MP: 1/5
   983 | D:2      | Reached XP level 3. HP: 25/28 MP: 6/6
  1236 | D:2      | Noticed Robin
  1452 | D:2      | Reached skill level 1 in Polearms
  1971 | D:2      | Killed Robin
  1972 | D:2      | Reached XP level 4. HP: 33/35 MP: 7/7
  2075 | D:3      | Noticed Terence
  2084 | D:3      | Killed Terence
  2336 | D:3      | Noticed an ogre
  2378 | D:3      | Killed an ogre
  2379 | D:3      | Reached XP level 5. HP: 31/43 MP: 8/8
  2820 | D:3      | Noticed Natasha
  2832 | D:3      | Killed Natasha
  2833 | D:3      | Reached XP level 6. HP: 28/50 MP: 9/9
  2913 | D:3      | Noticed Natasha
  2923 | D:3      | Killed Natasha
  2924 | D:3      | Reached skill level 5 in Fighting
  2924 | D:3      | Reached skill level 5 in Polearms
  2954 | D:3      | Noticed Natasha
  2963 | D:3      | Killed Natasha
  3361 | D:4      | Found a staircase to the Ecumenical Temple.
  3374 | Temple   | Entered the Ecumenical Temple
  3557 | Temple   | Became a worshipper of Ashenzari the Shackled
  4436 | D:4      | Noticed Sigmund
  4439 | D:4      | Noticed Sigmund
  4439 | D:4      | Sigmund changed into Sigmund the hobgoblin
  4445 | D:4      | Killed Sigmund the hobgoblin
  4552 | D:4      | Found Dyrched's Distillery.
  4561 | D:4      | Bought a potion of invisibility for 96 gold pieces
  4561 | D:4      | Bought a potion of curing for 36 gold pieces
  4561 | D:4      | Bought a potion of berserk rage for 60 gold pieces
  4561 | D:4      | Bought a potion of lignification for 36 gold pieces
  4661 | D:4      | Found a stormy altar of Qazlal.
  4820 | D:5      | Entered Level 5 of the Dungeon
  4987 | D:5      | Reached XP level 7. HP: 53/57 MP: 10/10
  6524 | D:6      | Found a snail-covered altar of Cheibriados.
  6571 | D:6      | Reached XP level 8. HP: 34/67 MP: 11/11
  8283 | D:7      | Identified the ring "Warch" {rF+ rC- rN+ Dex+5 SInv}
  8319 | D:7      | Reached skill level 10 in Polearms
  8519 | D:7      | Reached XP level 9. HP: 64/75 MP: 12/12
  8698 | D:7      | Found a runed translucent gate.
  8699 | D:7      | Found a runed translucent gate.
  8700 | D:7      | Found a runed translucent gate.
  8701 | D:7      | Noticed ggurman's ghost (novice PaFi)
  9113 | D:7      | Found a glowing silver altar of Zin.
  9113 | D:7      | Found an ancient bone altar of Kikubaaqudgha.
  9116 | D:7      | Found a basalt altar of Yredelemnul.
  9122 | D:7      | Found a bloodstained altar of Trog.
  9136 | D:7      | Found a hide-covered altar of Uskayaw.
  9468 | D:7      | Reached skill level 10 in Dodging
  9468 | D:7      | Reached XP level 10. HP: 80/80 MP: 13/13
 10550 | D:8      | Found an iron altar of Okawaru.
 10986 | D:8      | Reached * piety under Ashenzari
 11434 | D:9      | Noticed Joseph
 11453 | D:9      | Killed Joseph
 11755 | D:9      | Noticed Psyche
 11769 | D:9      | Killed Psyche
 11953 | D:9      | Identified a scroll of acquirement
 11953 | D:9      | Acquired 855 gold pieces
 11968 | D:9      | Found a runed translucent gate.
 11969 | D:9      | Found a runed translucent gate.
 11969 | D:9      | Found a runed translucent gate.
 11971 | D:9      | Noticed Ceqiddiy's ghost (novice MiMo)
 12345 | D:10     | Entered Level 10 of the Dungeon
 12351 | D:10     | Reached XP level 11. HP: 90/90 MP: 14/14
 12359 | D:10     | Found a staircase to the Lair.
 13085 | D:10     | Reached skill level 10 in Fighting
 13604 | D:10     | Found a staircase to the Orcish Mines.
 13748 | D:10     | Found a roughly hewn altar of Beogh.
 14189 | Lair:1   | Entered Level 1 of the Lair of Beasts
 14432 | Lair:1   | Reached skill level 11 in Dodging
 14597 | Lair:1   | Reached ** piety under Ashenzari
 14640 | Lair:1   | Reached skill level 1 in Armour
 15574 | Lair:1   | Noticed Fannar
 15964 | Lair:2   | Reached XP level 12. HP: 96/102 MP: 15/15
 16018 | Lair:2   | Noticed Erica
 16491 | Lair:1   | Killed Erica
 16576 | Lair:2   | Reached skill level 1 in Evocations
 16969 | Lair:2   | Reached skill level 12 in Dodging
 18329 | Lair:3   | Found a staircase to the Shoals.
 18622 | Lair:3   | Noticed Gastronok
 18660 | Lair:3   | Killed Gastronok
 18974 | Lair:3   | Identified the +10 lajatang "Pezoiste" {antimagic, rF++ rC-
                  | rN+++ Str-3} (You found it on level 7 of the Dungeon)
 18992 | Lair:3   | Reached XP level 13. HP: 95/109 MP: 16/16
 19831 | Lair:3   | Reached skill level 10 in Shields
 19895 | Lair:3   | Reached skill level 13 in Dodging
 20515 | Lair:3   | Reached *** piety under Ashenzari
 20559 | Lair:3   | Found a staircase to the Snake Pit.
 20863 | Lair:4   | Reached skill level 5 in Evocations
 21385 | Lair:4   | Noticed Rupert
 21424 | Lair:4   | Killed Rupert
 21425 | Lair:4   | Reached skill level 5 in Armour
 21601 | Lair:4   | Noticed Kirke
 21633 | Lair:4   | Killed Kirke
 23828 | Lair:5   | Reached XP level 14. HP: 102/118 MP: 17/17
 24396 | Lair:6   | Entered Level 6 of the Lair of Beasts
 24498 | Lair:6   | Found a runed translucent door.
 24498 | Lair:6   | Found a viscous altar of Jiyva.
 24517 | Lair:6   | Reached skill level 14 in Dodging
 26532 | Lair:6   | Noticed an acid blob
 26688 | Lair:6   | HP: 5/119 [manticore (8)]
 28316 | Lair:6   | Reached **** piety under Ashenzari
 29002 | Lair:6   | Reached skill level 15 in Dodging
 29347 | Lair:6   | Reached XP level 15. HP: 83/127 MP: 18/18
 29796 | Lair:6   | Found a staircase to the Slime Pits.
 30046 | Orc:1    | Entered Level 1 of the Orcish Mines
 30482 | Orc:1    | Found a roughly hewn altar of Beogh.
 30844 | Orc:2    | Entered Level 2 of the Orcish Mines
 30868 | Orc:2    | Noticed Donald
 31212 | Orc:1    | Killed Donald
 31309 | Orc:2    | Found a transporter.
 31312 | Orc:2    | Identified the +1 glaive of the Badger {vorpal, rPois}
 31314 | Orc:2    | Noticed Killmatronix's ghost (journeyman OpHu)
 31500 | Orc:2    | Found a transporter.
 31534 | Orc:2    | Found a staircase to the Elven Halls.
 31558 | Orc:2    | Found a bloodstained altar of Trog.
 31558 | Orc:2    | Identified the cursed +1 scimitar of Descent {antimagic,
                  | rPois Int+4}
 31558 | Orc:2    | Noticed an orc warlord
 32128 | Orc:2    | HP: 2/127 [sun demon[an orc sorcerer] (5)]
 32130 | Orc:2    | Slain by a sun demon

Illustrated notes

Levels and vault maps discovered:
D:1:      dpeg_arrival_leaves_temple_mockup, layout_loops_ring,
          corexii_leaking_fountain, serial_bayou_pond_c,
          minmay_indecisive_spiral
D:2:      layout_basic, minmay_gold_behind_fungi, serial_park_tiny_pond,
          uniq_robin
D:3:      layout_loops_ring, serial_bayou_pond_d, uniq_natasha, uniq_terence
D:4:      layout_basic, nicolae_qazlal_eye_of_the_storm, temple_statues,
          serial_shops, shop_fountains, uniq_sigmund
D:5:      layout_loops_cross, minmay_misc_feat_pillars
D:6:      layout_loops_ring, kennysheep_mini_moat
D:7:      minmay_recursive_quarters, layout_rooms, grunt_temple_overflow_open,
          ebering_ghost_rock_garden
D:8:      layout_basic, okawaru_gym_becter
D:9:      layout_basic, gammafunk_ghost_spectres,
          chequers_serial_rivers_small_a, kennysheep_cluttered_room,
          uniq_psyche, uniq_joseph
D:10:     layout_roguey [special_room_orc], lair_entry_dummy, orc_0_dummy,
          special_room [special_room_orc], serial_bayou_pond_b
Temple:   regret_index_temple_generic_petals
Lair:1:   layout_regular_city, kennysheep_abandoned_house, grunt_megastairs_3,
          uniq_fannar
Lair:2:   layout_gridlike, lemuel_fruit_tree, grunt_megastairs_5, uniq_erica
Lair:3:   layout_loops_ring, shoals_dummy_entry,
          minmay_snake_entry_guardpost_medium, patterned_corridor,
          uniq_gastronok
Lair:4:   layout_regular_city, cheibrodos_lair_lostbears, uniq_rupert,
          uniq_kirke
Lair:5:   layout_hall_layers, grunt_forest_small_clearing_treed
Lair:6:   grunt_lair_end_beastmaster, layout_hall_layers, slime_altar_2,
          special_room [special_room_mythical_zoo]
Orc:1:    layout_caves, basic_altar
Orc:2:    st_orc_elflike, layout_caves, gammafunk_ghost_wrathful_warriors,
          uniq_donald

Skill      XL: |  1  2  3  4  5  6  7  8  9 10 11 12 13 14 15 |
---------------+----------------------------------------------+-----
Fighting       | 1 2 3 4 5 7 8 9 11 12 13 14 | 14.7
Polearms       | 2 4 6 8 10 12 13 14 | 14.0
Dodging        | 10 11 12 13 15 | 15.5
Shields        | 8 9 10 11 12 | 12.2
Armour         | 2 4 5 6 7 |  7.3
Evocations     | 3 6 |  6.0
Stealth        | |  2.1
Spellcasting   | |  2.0
Transmutations | |  1.3
Earth Magic    | |  2.4

Action                   |  1- 3 |  4- 6 |  7- 9 | 10-12 | 13-15 || total
-------------------------+-------+-------+-------+-------+-------++-------
Melee: Unarmed           |     2 |       |       |       |       ||     2
       Dagger            |    96 |     6 |       |       |       ||   102
       Trident           |       |   169 |   406 |  1164 |  1992 ||  3731
Throw: Dart              |       |       |     3 |       |     5 ||     8
       Throwing net      |       |       |       |       |     1 ||     1
 Cast: Sandblast         |    10 |       |     1 |     2 |       ||    13
Invok: Curse Item        |       |       |       |       |     3 ||     3
Evoke: Wand              |       |     1 |       |     2 |    13 ||    16
       Phial of floods   |       |       |       |     1 |     2 ||     3
  Use: Scroll            |    10 |     2 |     4 |    11 |    15 ||    42
       Potion            |     1 |       |     3 |     1 |    12 ||    17
 Stab: Sleeping          |     4 |     5 |     3 |    12 |     4 ||    28
       Distracted        |     1 |     1 |     2 |     4 |     2 ||    10
       Petrified         |       |       |       |       |    33 ||    33
       Petrifying        |       |       |       |       |     2 ||     2
Armor: Robe              |    23 |    20 |    49 |    47 |   148 ||   287
       Plate armour      |       |       |       |    10 |   238 ||   248
       Chain mail        |       |       |       |       |    11 ||    11
Dodge: Dodged            |    71 |    62 |   140 |   317 |   828 ||  1418
Block: Kite shield       |       |    31 |    48 |   257 |   815 ||  1151
       Buckler           |       |       |    25 |    26 |       ||    51
